 Dungeon Crawl Stone Soup version 0.30-a0-949-g53dc5368d7 (webtiles) character file.

Game seed: 5083411808889757668

241 retardedninja the Covered (level 5, -4/48 HPs)
             Began as an Armataur Fighter on Mar 27, 2023.
             Slain by an orc
             ... wielding a +0 trident
              (7 damage)
             ... on level 4 of the Dungeon.
             The game lasted 00:03:17 (2664 turns).

retardedninja the Covered (Armataur Fighter)        Turns: 2664, Time: 00:03:17

Health: -4/48      AC:  7    Str: 23    XL:     5   Next: 80%
Magic:  5/5        EV:  7    Int:  8    God:
Gold:   118        SH:  4    Dex: 10    Spells: 4/4 levels left

rFire   . . .      SeeInvis .    a - +0 war axe
rCold   . . .      Faith    .    c - +0 buckler
rNeg    . . .      Spirit   .    b - +0 scale mail
rPois   .          Reflect  .    (no helmet)
rElec   .          Roll     +    (no cloak)
rCorr   .                        (no gloves)
Will    .....                    (no barding) Stlth
                                 (no amulet)
HPRegen 0.28/turn                (no ring)
MPRegen 0.09/turn                (no ring)

@: no status effects
A: large, rugged brown scales 3, deformed body, armoured tail, roll, long
tongue, awkward tongue
a: no special abilities


You were on level 4 of the Dungeon.
You visited 1 branch of the dungeon, and saw 4 of its levels.

You collected 118 gold pieces.

Inventory:

Hand Weapons
 a - a +0 war axe (weapon)
Armour
 b - a +0 scale mail (worn)
 c - a +0 buckler (worn)
Scrolls
 e - 4 scrolls of identify {unknown}
 f - 3 scrolls of vulnerability {unknown}
 h - a scroll of amnesia {unknown}
 k - a scroll of enchant armour {unknown}
 l - a scroll of teleportation {unknown}
 m - a scroll of poison {unknown}
Potions
 d - 2 potions of might
 g - 2 potions of curing {unknown}
 i - a potion of degeneration {unknown}
 j - 2 potions of lignification {unknown}
 n - a potion of mutation {unknown}
 o - a potion of heal wounds {unknown}


   Skills:
 + Level 3.5 Fighting
 * Level 3.4 Axes
 + Level 4.8 Armour
 + Level 4.3 Shields


You had 4 spell levels left.
You didn't know any spells.
Your spell library was empty.

Dungeon Overview and Level Annotations

Branches:
Dungeon (4/15)
 Temple: D:4-7

Altars:


Innate Abilities, Weirdness & Mutations

You are completely covered in rugged brown scales. (AC +3, +7% HP)
Armour fits poorly on your strangely shaped body.
You have a long armoured tail.
You roll when moving toward enemies. (Rampage)
Your long tongue fully drains potion bottles. (2x potion effects)
Your tongue gives you trouble enunciating. (1.5x scroll delay)


Message History

Unknown command.
You are too injured to fight recklessly!
Unknown command.
You are too injured to fight recklessly!
Unknown command.
You closely miss the orc wizard.
The ball python hisses angrily.
The orc wizard hits you but does no damage.
The orc hits you but does no damage.
Unknown command.
You barely miss the orc wizard. You slash the orc wizard!
The orc wizard hits you but does no damage. x2
The orc hits you from afar with a +0 trident!
The orc hits you from afar with a +0 trident.
The orc wizard barely misses you.
The orc wizard hits you but does no damage.
An orc comes into view. It is wielding a +0 dagger.
You closely miss the orc wizard. You barely miss the orc wizard.
The orc wizard barely misses you.
The orc wizard hits you with a +0 dagger.
The orc hits you but does no damage.
Unknown command.
You slash the orc wizard! You tail-slap the orc wizard.
The orc wizard is almost dead.
You slash the orc wizard! The orc wizard casts a spell at you.
The puff of flame hits you.
* * * LOW HITPOINT WARNING * * *
The orc wizard casts a spell at you. The puff of flame hits you!
* * * LOW HITPOINT WARNING * * *
The orc hits you from afar with a +0 trident.
* * * LOW HITPOINT WARNING * * *
You closely miss the orc wizard.
The orc wizard is almost dead.
You hit the orc wizard.
You kill the orc wizard!
The orc wizard hits you but does no damage.
The orc hits you from afar with a +0 trident!
You die...

#.. #..#
#...########
#..........
.......... .#
.......oo ..
......)o# .##
......S@### #..###
.....(....##.....##
#####..............
###............
###..........
##.........
##........
#######.....####
###..........##


You could see an orc wizard, 2 orcs and a ball python.

Vanquished Creatures
  A water moccasin (D:3)
  An iguana (D:4)
  An orc wizard (D:4)
  3 adders
  A worm (D:2)
  2 orcs
  8 bats
  6 endoplasms
  2 giant cockroaches (D:1)
  6 goblins
  7 hobgoblins
  3 kobolds
  5 quokkas
  9 ball pythons
  4 frilled lizards
  7 rats
66 creatures vanquished.

Notes
Turn   | Place    | Note
-------+----------+-------------------------------------------
     0 | D:1      | retardedninja the Armataur Fighter began the quest for the
                  | Orb.
     0 | D:1      | Reached XP level 1. HP: 19/19 MP: 1/1
   239 | D:1      | Reached XP level 2. HP: 26/26 MP: 2/2
   844 | D:2      | Reached XP level 3. HP: 30/33 MP: 3/3
  1664 | D:3      | Reached XP level 4. HP: 23/40 MP: 4/4
  1967 | D:3      | Noticed a water moccasin
  1979 | D:3      | Killed a water moccasin
  1980 | D:3      | Reached XP level 5. HP: 10/48 MP: 5/5
  2664 | D:4      | Slain by an orc

Illustrated notes

Levels and vault maps discovered:
D:1:      minmay_arrival_semitransparent, layout_loops_ring, st_stairs_12
D:2:      layout_basic
D:3:      layout_rooms
D:4:      layout_layer_cave, nicolae_uskayaw_en_pointe,
          nicolae_dithmenos_through_a_glass_darkly, minmay_shop_grid_forest

Skill      XL: |  1  2  3  4 |
---------------+-------------+-----
Axes           | 2 3 |  3.4
Fighting       | 3 |  3.5
Armour         | 4 |  4.8
Shields        | 4 |  4.3

Action                     |  1- 3 |  4- 6 || total
---------------------------+-------+-------++-------
  Melee: War axe           |   154 |    52 ||   206
         Tailslap          |    14 |    11 ||    25
 Armour: Scale mail        |    85 |    32 ||   117
  Dodge: Dodged            |    49 |    15 ||    64
  Block: Buckler           |    41 |    18 ||    59

Table legend: (Time is in decaauts)
 A = Elapsed time spent in this place.
 B = Non-inter-level travel time spent in this place.
 C = Inter-level travel time spent in this place.
 D = Time resting spent in this place.
 E = Time spent auto-exploring this place.
 F = Levels seen in this place.
 G = Mean time per level.
                   A        B        C        D        E       F      G
               +--------+--------+--------+--------+--------+-----+--------+
         Total |   2749 |   2664 |     85 |    422 |   1794 |   4 |  687.2 |
       Dungeon |   2749 |   2664 |     85 |    422 |   1794 |   4 |  687.2 |
               +--------+--------+--------+--------+--------+-----+--------+

Top non-repeatable levels by time:
     D:3: 964 daAuts
     D:1: 860 daAuts
     D:2: 844 daAuts
     D:4: 80 daAuts
